[Event "Titled Tuesday Blitz May 24 Late 2022"]
[White "Jeet, Jain"]
[Black "Senthilkumar, Pranav"]
[WhiteFideId "5073022"]
[BlackFideId "2083477"]
[WhiteElo "2028"]
[BlackElo "2417"]
[Result "0-1"]
[Round "08"]
[TimeControl "180+1"]
[Date "2022.05.25"]
[WhiteClock "0:01:02"]
[BlackClock "0:00:21"]

1. d4 Nf6 2. Nf3 c5 3. d5 b5 4. a4 bxa4 5. c4 d6 6. Qxa4+ Bd7 7. Qc2 g6 8. Nc3 Bg7 9. e4 O-O 10. Bd3 a5 11. O-O Na6 12. Qe2 Nb4 13. Bb1 Ne8 14. e5 dxe5 15. Nxe5 Nd6 16. Re1 Bxe5 17. Qxe5 Nxc4 18. Qg3 a4 19. Bh6 Re8 20. Re4 Nxb2 21. Qe5 f6 22. Qg3 Bf5 23. Rxb4 cxb4 24. Bxf5 Qb8 25. Bg4 Qxg3 26. hxg3 bxc3 27. Be6+ Kh8 28. Be3 a3 29. Bd4 Kg7 30. Bxc3 Reb8 31. g4 a2 32. g5 Na4 33. gxf6+ exf6 34. Bd4 Rb1+ 35. Kh2 Nb2 36. Bxb2 Rxb2 37. d6 Rd2 38. d7 Ra6 39. Bc4 Ra7 40. Bb5 Kf8 41. Kg3 Ke7 42. Kf3 Rb2 43. Bc6 Rb1 0-1


[Site "https://www.chess.com"]

[Event "Titled Tuesday Blitz May 24 Late 2022"]
[White "Jia, Haoxiang"]
[Black "Oparin, Grigoriy"]
[WhiteFideId "8602999"]
[BlackFideId "24125890"]
[WhiteElo "2640"]
[BlackElo "2665"]
[Result "0-1"]
[Round "08"]
[TimeControl "180+1"]
[Date "2022.05.24"]
[WhiteClock "0:01:30"]
[BlackClock "0:02:31"]

1. Nf3 Nf6 2. g3 c5 3. Bg2 d5 4. O-O g6 5. d3 Bg7 6. Nbd2 O-O 7. c3 Nc6 8. e4 e5 9. Qe2 Qc7 10. exd5 Nxd5 11. Nc4 Re8 12. a4 Bg4 13. h3 Bf5 14. Rd1 Rad8 15. Bg5 Rd7 16. Ne3 Be6 17. Nxd5 Bxd5 18. Be3 b6 19. h4 h6 20. h5 g5 21. Nd2 Bxg2 22. Kxg2 f5 23. Nc4 Rf7 24. Qf3 Qd7 25. a5 g4 26. Qe2 f4 27. Qc2 b5 28. Bxc5 Qd5+ 29. Kf1 Qxc5 30. Nd2 e4 31. Nxe4 Qxh5 32. gxf4 Qh1+ 33. Ke2 Qf3+ 34. Kf1 Rxf4 35. Re1 Qh3+ 36. Kg1 Ne5 37. Qb3+ Kh8 38. Re3 Nf3+ 39. Rxf3 gxf3 0-1


[Site "https://www.chess.com"]

[Event "Titled Tuesday Blitz May 24 Late 2022"]
[White "Kamsky, Gata"]
[Black "Darini, Pouria"]
[WhiteFideId "2000024"]
[BlackFideId "12502200"]
[WhiteElo "2645"]
[BlackElo "2483"]
[Result "1-0"]
[Round "08"]
[TimeControl "180+1"]
[Date "2022.05.24"]
[WhiteClock "0:00:36"]
[BlackClock "0:00:05"]

1. d4 Nf6 2. Nf3 g6 3. Bg5 Bg7 4. c3 O-O 5. Nbd2 d5 6. e3 c6 7. Be2 Bf5 8. O-O Nbd7 9. a4 a5 10. Qb3 Qb6 11. Qxb6 Nxb6 12. Rfc1 Rfe8 13. Bf4 Nfd7 14. h3 e5 15. Bh2 e4 16. Ne1 Be6 17. g4 f5 18. g5 h6 19. h4 hxg5 20. hxg5 Kf7 21. Ng2 Rh8 22. Nf4 Rh7 23. Kg2 Rah8 24. Bg3 Bf8 25. Nb3 Nb8 26. Nxe6 Kxe6 27. Bxb8 Bd6 28. Bxd6 Kxd6 29. Rh1 Rxh1 30. Rxh1 Rxh1 31. Kxh1 Nxa4 32. Nxa5 b6 33. Nb3 Nxb2 34. Nd2 b5 35. Kg2 Na4 36. Nb1 Nb2 37. Kf1 Na4 38. Ke1 Nb6 39. Na3 Na8 40. Kf1 Nc7 41. Kg2 Ne6 42. Kg3 Nxg5 43. Nc2 Ne6 44. Kh4 Ke7 45. Nb4 Kd6 46. Kg3 Kd7 47. f3 exf3 48. Bxf3 Kd6 49. Nd3 g5 50. Bh5 Nc7 51. Bg6 Ke6 52. Nb4 Kf6 53. Bh7 Ne6 54. Nxc6 f4+ 55. exf4 gxf4+ 56. Kg4 f3 57. Bd3 f2 58. Kg3 Nf4 59. Kxf4 1-0


[Site "https://www.chess.com"]

[Event "Titled Tuesday Blitz May 24 Late 2022"]
[White "Karttunen, Mika"]
[Black "Moral Garcia, Serafin"]
[WhiteFideId "502081"]
[BlackFideId "2201925"]
[WhiteElo "2626"]
[BlackElo "2488"]
[Result "1-0"]
[Round "08"]
[TimeControl "180+1"]
[Date "2022.05.25"]
[WhiteClock "0:00:20"]
[BlackClock "0:00:29"]

1. e4 e5 2. Nf3 Nc6 3. Bc4 Bc5 4. O-O Nf6 5. d3 a6 6. c3 Ba7 7. Bb3 d6 8. h3 O-O 9. Re1 h6 10. Nbd2 Re8 11. Nc4 Be6 12. Ne3 Qd7 13. Nh2 d5 14. Qf3 Rad8 15. Nhg4 Nxg4 16. Nxg4 dxe4 17. dxe4 Qd3 18. Be3 Bxb3 19. axb3 Bxe3 20. Nxe3 Qd6 21. Rad1 Qe6 22. Rd5 Ne7 23. Rxd8 Rxd8 24. b4 Rd3 25. Qe2 Rd7 26. Rd1 Rxd1+ 27. Qxd1 Qd6 28. Qe2 g6 29. h4 h5 30. Nc4 Qe6 31. Na5 b6 32. Nc4 Qg4 33. Qxg4 hxg4 34. Nxe5 f5 35. Kf1 Kg7 36. exf5 gxf5 37. g3 Nd5 38. Ke2 Kf6 39. f4 Ke6 40. Nc4 Kf6 41. Ne3 Ne7 42. Kd3 Ke6 43. Kd4 Kd6 44. h5 Nc6+ 45. Kd3 Ke6 46. h6 Ne7 47. h7 Ng6 48. Kd4 Nh8 49. Nd5 Kd6 50. Nf6 Ng6 51. Ne8+ Kd7 52. Ng7 1-0


[Site "https://www.chess.com"]

[Event "Titled Tuesday Blitz May 24 Late 2022"]
[White "Keymer, Vincent"]
[Black "Kobalia, Mikhail"]
[WhiteFideId "12940690"]
[BlackFideId "4119150"]
[WhiteElo "2548"]
[BlackElo "2667"]
[Result "1/2-1/2"]
[Round "08"]
[TimeControl "180+1"]
[Date "2022.05.24"]
[WhiteClock "0:00:05"]
[BlackClock "0:00:11"]

1. Nf3 d5 2. e3 Bg4 3. c4 c6 4. cxd5 Bxf3 5. Qxf3 cxd5 6. d4 Nc6 7. Nc3 e6 8. Bd3 f5 9. g4 fxg4 10. Qxg4 Qd7 11. Bd2 Nf6 12. Qh3 O-O-O 13. O-O-O Kb8 14. Kb1 Bb4 15. f4 g6 16. a3 Bxc3 17. Bxc3 Ne7 18. Rc1 Nf5 19. Rc2 Rc8 20. Rhc1 Rhe8 21. Qf3 Nd6 22. Qe2 Nfe4 23. Bb4 Rxc2 24. Rxc2 Rc8 25. Bc5 b6 26. Bb4 Rxc2 27. Qxc2 Qc7 28. Qa4 a5 29. Be1 Kb7 30. Qd1 Nc4 31. Qe2 Qc6 32. Ka2 Ned6 33. b3 Nxa3 34. Kxa3 Qc1+ 35. Ka2 Ne4 36. Bxe4 dxe4 37. Qd2 Qc6 38. Qc3 Qb5 39. Qc4 Qh5 40. Bg3 Qd1 41. Qc3 h5 42. f5 Qe2+ 43. Ka3 gxf5 44. Qc7+ Ka6 45. Qc8+ Kb5 46. Qxe6 Qf1 47. Qd7+ Ka6 48. Qc8+ Kb5 49. Qd7+ Ka6 50. Kb2 Qe2+ 51. Kb1 Qf1+ 52. Ka2 Qe2+ 53. Ka1 Qf1+ 54. Kb2 Qe2+ 55. Ka3 Qf1 1/2-1/2


[Site "https://www.chess.com"]

[Event "Titled Tuesday Blitz May 24 Late 2022"]
[White "Kohler, Aran"]
[Black "Lopez Gracia, Fernando"]
[WhiteFideId "1002856"]
[BlackFideId "2207184"]
[WhiteElo "2260"]
[BlackElo "2401"]
[Result "0-1"]
[Round "08"]
[TimeControl "180+1"]
[Date "2022.05.25"]
[WhiteClock "0:00:05"]
[BlackClock "0:01:50"]

1. d4 Nf6 2. c3 e6 3. Bg5 c5 4. e3 b6 5. Nd2 Bb7 6. Ngf3 h6 7. Bh4 Be7 8. Bd3 cxd4 9. exd4 O-O 10. Qe2 d6 11. O-O-O Nbd7 12. Kb1 a6 13. Rhg1 Nd5 14. Bxe7 Qxe7 15. g3 b5 16. Be4 N7f6 17. Bxd5 Bxd5 18. Rge1 Rfc8 19. Ka1 Qc7 20. Nb1 Qa5 21. b4 Qc7 22. Nfd2 a5 23. c4 bxc4 24. Nc3 axb4 25. Nxd5 Nxd5 26. Rc1 Nc3 27. Rxc3 bxc3 28. Ne4 Qa5 29. Qc2 Rcb8 30. Nxc3 Qb4 31. Rc1 Qa3 32. f4 Rb3 0-1


[Site "https://www.chess.com"]

[Event "Titled Tuesday Blitz May 24 Late 2022"]
[White "Kopczynski, Michal"]
[Black "Burke, Paul"]
[WhiteFideId "1124200"]
[BlackFideId "2605767"]
[WhiteElo "2235"]
[BlackElo "1866"]
[Result "1-0"]
[Round "08"]
[TimeControl "180+1"]
[Date "2022.05.25"]
[WhiteClock "0:00:06"]
[BlackClock "0:00:04"]

1. e4 e5 2. Nf3 Nc6 3. Bb5 f5 4. d3 Nf6 5. Nc3 Be7 6. Bg5 O-O 7. Qd2 d6 8. O-O-O a6 9. Bc4+ Kh8 10. h4 b5 11. Bb3 Nd4 12. Nxd4 exd4 13. Nd5 c6 14. Nf4 Ng4 15. Bxe7 Qxe7 16. h5 Nh6 17. Rde1 Qf6 18. f3 fxe4 19. Rxe4 d5 20. Ree1 Qxf4 21. Qxf4 Rxf4 22. Re8+ Ng8 23. Rhe1 Bb7 24. Rxa8 Bxa8 25. Re8 Bb7 26. c3 Rf7 27. cxd4 Re7 28. Rb8 h6 29. Bd1 g5 30. hxg6 Kg7 31. f4 Nf6 32. f5 Ne8 33. g4 Nd6 34. Kd2 a5 35. a4 bxa4 36. Bxa4 Kf6 37. Kc3 Kg5 38. Rh8 Kf6 39. Rxh6 Kg5 40. Rh7 Nc8 41. g7 Re8 42. Rh8 1-0


[Site "https://www.chess.com"]

[Event "Titled Tuesday Blitz May 24 Late 2022"]
[White "Kosteniuk, Alexandra"]
[Black "Keller, Peter"]
[WhiteFideId "4128125"]
[BlackFideId "1272105"]
[WhiteElo "2616"]
[BlackElo "2445"]
[Result "0-1"]
[Round "08"]
[TimeControl "180+1"]
[Date "2022.05.25"]
[WhiteClock "0:01:01"]
[BlackClock "0:00:25"]

1. e4 e5 2. Nf3 Nc6 3. Bc4 Nf6 4. d4 exd4 5. e5 d5 6. Bb5 Ne4 7. Nxd4 Bc5 8. O-O O-O 9. Nxc6 bxc6 10. Bxc6 Ba6 11. Be3 Bxe3 12. fxe3 Bxf1 13. Bxa8 Bxg2 14. Qe2 Qg5 15. Qxg2 Qxe3+ 16. Kf1 Qc1+ 17. Ke2 Qxc2+ 18. Kf3 Qd3+ 19. Kf4 f6 20. e6 g5+ 21. Kg4 f5+ 22. Kh5 Qd1+ 0-1


[Site "https://www.chess.com"]

[Event "Titled Tuesday Blitz May 24 Late 2022"]
[White "Kruckenhauser, Arthur"]
[Black "Kostiukov, Alexandr"]
[WhiteFideId "1642812"]
[BlackFideId "14108100"]
[WhiteElo "2609"]
[BlackElo "2409"]
[Result "1-0"]
[Round "08"]
[TimeControl "180+1"]
[Date "2022.05.25"]
[WhiteClock "0:02:08"]
[BlackClock "0:01:37"]

1. Nf3 g6 2. g3 Bg7 3. Bg2 c5 4. O-O Nf6 5. c4 O-O 6. Nc3 Nc6 7. d4 cxd4 8. Nxd4 Nxd4 9. Qxd4 d6 10. Qd3 Bf5 11. e4 Be6 12. b3 Qa5 13. Bd2 Qh5 14. Rac1 Ng4 15. h4 Ne5 16. Qe2 Qxe2 17. Nxe2 Bh3 18. Bc3 Bxg2 19. Kxg2 Nc6 20. Bxg7 Kxg7 21. Rfd1 a5 22. Nc3 f5 23. exf5 Rxf5 24. Rd2 Raf8 25. Re1 Re5 26. Rde2 Rxe2 27. Rxe2 Rf5 28. Nd5 Kf7 29. f4 Ke8 30. g4 Rf7 31. Kg3 Kd7 32. Rh2 h5 33. Re2 e6 34. Nc3 hxg4 35. Kxg4 Nd4 36. Rd2 Nf5 37. Ne4 Rh7 38. Nf6+ 1-0


[Site "https://www.chess.com"]

[Event "Titled Tuesday Blitz May 24 Late 2022"]
[White "Lehtosaari, Mauri"]
[Black "Melikhov, Evgeny V."]
[WhiteFideId "501999"]
[BlackFideId "4122046"]
[WhiteElo "2465"]
[BlackElo "1931"]
[Result "1-0"]
[Round "08"]
[TimeControl "180+1"]
[Date "2022.05.25"]
[WhiteClock "0:00:36"]
[BlackClock "0:00:11"]

1. d4 Nf6 2. Nf3 d5 3. Bg5 Nbd7 4. Nbd2 e6 5. e3 Be7 6. Bd3 O-O 7. O-O Re8 8. Ne5 Nf8 9. f4 N6d7 10. Bxe7 Qxe7 11. c3 f6 12. Nxd7 Bxd7 13. Nf3 a6 14. a4 a5 15. Qc2 c5 16. Rae1 Bc6 17. h3 Qd7 18. Ra1 b5 19. axb5 Bxb5 20. dxc5 Qc6 21. b4 Bxd3 22. Qxd3 e5 23. Qd2 exf4 24. exf4 Re4 25. Nd4 Qd7 26. c6 Qd6 27. b5 Qc5 28. Kh1 a4 29. Rfb1 a3 30. b6 a2 31. Rxa2 Rxa2 32. Qxa2 Qxc3 33. Qxd5+ Kh8 34. Qxe4 1-0


[Site "https://www.chess.com"]

[Event "Titled Tuesday Blitz May 24 Late 2022"]
[White "Livaic, Leon"]
[Black "Holt, Conrad"]
[WhiteFideId "14531534"]
[BlackFideId "2034387"]
[WhiteElo "2540"]
[BlackElo "2586"]
[Result "1-0"]
[Round "08"]
[TimeControl "180+1"]
[Date "2022.05.24"]
[WhiteClock "0:01:21"]
[BlackClock "0:00:09"]

1. d4 d5 2. c4 c6 3. cxd5 cxd5 4. Bf4 Nc6 5. e3 Bf5 6. Qb3 Qd7 7. Nc3 e6 8. Bb5 Nge7 9. Nf3 Ng6 10. Bg3 Be7 11. Rc1 O-O 12. O-O Rfc8 13. Na4 Qd8 14. Bxc6 bxc6 15. Nc5 h5 16. h3 h4 17. Bh2 a5 18. Rc3 Ra7 19. Rfc1 a4 20. Nxa4 Rca8 21. Nb6 Rb7 22. Rxc6 e5 23. Nxe5 Nxe5 24. Bxe5 Bd7 25. Rc7 Raa7 26. Rxd7 Rxd7 27. Nxd7 Qxd7 28. a3 Kh7 29. Qc2+ g6 30. Qc8 Kh6 31. Qxd7 Rxd7 32. Rc7 1-0


[Site "https://www.chess.com"]

[Event "Titled Tuesday Blitz May 24 Late 2022"]
[White "Lopez Del Alamo, Antonio"]
[Black "Malka, Samuel"]
[WhiteFideId "2227339"]
[BlackFideId "20643675"]
[WhiteElo "2089"]
[BlackElo "2484"]
[Result "0-1"]
[Round "08"]
[TimeControl "180+1"]
[Date "2022.05.25"]
[WhiteClock "0:00:02"]
[BlackClock "0:00:26"]

1. e4 c5 2. Nf3 d6 3. d4 cxd4 4. Nxd4 Nf6 5. Nc3 a6 6. Be2 e5 7. Nb3 Be6 8. Be3 Nbd7 9. g4 Nb6 10. g5 Nfd7 11. h4 Nc4 12. Bxc4 Bxc4 13. Qd2 Be7 14. O-O-O Qc7 15. Kb1 O-O-O 16. Nd5 Bxd5 17. Qxd5 Rhf8 18. c4 Nc5 19. f3 Kb8 20. Qd2 Ne6 21. Rc1 Rc8 22. Qf2 f5 23. Qg2 fxe4 24. fxe4 Nf4 25. Bxf4 Rxf4 26. Nd2 Qc6 27. b3 Rcf8 28. Rhf1 Bd8 29. Rce1 Ba5 30. Rxf4 Rxf4 0-1


[Site "https://www.chess.com"]

[Event "Titled Tuesday Blitz May 24 Late 2022"]
[White "Lopez Idarraga, Daniel Eduardo"]
[Black "Adewumi, Tanitoluwa"]
[WhiteFideId "4405501"]
[BlackFideId "30966396"]
[WhiteElo "2059"]
[BlackElo "2510"]
[Result "0-1"]
[Round "08"]
[TimeControl "180+1"]
[Date "2022.05.25"]
[WhiteClock "0:01:45"]
[BlackClock "0:01:29"]

1. d4 Nf6 2. Nf3 e6 3. e3 b6 4. Bd3 Bb7 5. O-O Be7 6. c4 O-O 7. Nc3 d5 8. cxd5 exd5 9. Ne5 c5 10. Qf3 Nbd7 11. Qh3 g6 12. Nxd7 Nxd7 13. dxc5 bxc5 14. b3 Bf6 15. Bb2 Ne5 16. Be2 Qe7 17. Rfd1 Rfd8 18. Rac1 d4 19. exd4 cxd4 20. Na4 d3 21. Bxd3 Nxd3 22. Rxd3 Qe2 23. Rxd8+ Rxd8 24. Qe3 Rd1+ 0-1


[Site "https://www.chess.com"]

[Event "Titled Tuesday Blitz May 24 Late 2022"]
[White "Maltsevskaya, Aleksandra"]
[Black "Bibasa, Bob"]
[WhiteFideId "24174041"]
[BlackFideId "10000240"]
[WhiteElo "2615"]
[BlackElo "2464"]
[Result "1-0"]
[Round "08"]
[TimeControl "180+1"]
[Date "2022.05.25"]
[WhiteClock "0:00:02"]
[BlackClock "0:00:02"]

1. Nf3 c5 2. d3 d5 3. Nbd2 Nc6 4. g3 Nf6 5. Bg2 g6 6. O-O Bg7 7. e4 O-O 8. exd5 Nxd5 9. Nc4 h6 10. Re1 Be6 11. a4 Qc7 12. c3 Rfd8 13. Rxe6 fxe6 14. Qe2 Qd7 15. Nh4 Nf6 16. Nxg6 Qxd3 17. Qxe6+ Kh7 18. Nf4 Qd1+ 19. Bf1 Qg4 20. Qf7 e5 21. Ne3 Qd7 22. Bd3+ e4 23. Qg6+ Kh8 24. Bxe4 Nxe4 25. Qxe4 Ne5 26. Nf5 Re8 27. Nxg7 Qxg7 28. Kg2 Rad8 29. Be3 b6 30. Re1 Nd3 31. Qxd3 Rxd3 32. Nxd3 Qb7+ 33. Kg1 Kh7 34. Nf4 Qf3 35. a5 Rd8 36. axb6 axb6 37. Ra1 Rd1+ 38. Rxd1 Qxd1+ 39. Kg2 Qc2 40. b4 Qxc3 41. bxc5 bxc5 42. Nd5 Qe5 43. Nf4 c4 44. Kf3 c3 45. Ke2 Qd6 46. Nd3 Qa3 47. Nc1 Qb2+ 48. Kd3 Kg6 49. h4 h5 50. Kc4 Kf5 51. Kd3 1-0


[Site "https://www.chess.com"]

[Event "Titled Tuesday Blitz May 24 Late 2022"]
[White "Mangialardo, Tiago Carvalho"]
[Black "Villiers, Thomas"]
[WhiteFideId "2130718"]
[BlackFideId "427209"]
[WhiteElo "2149"]
[BlackElo "2164"]
[Result "1-0"]
[Round "08"]
[TimeControl "180+1"]
[Date "2022.05.25"]
[WhiteClock "0:00:03"]
[BlackClock "0:00:46"]

1. e4 c5 2. Nf3 d6 3. d4 cxd4 4. Nxd4 Nf6 5. Nc3 a6 6. Be3 e6 7. Be2 Be7 8. Qd2 O-O 9. g4 b5 10. g5 Nfd7 11. O-O-O Bb7 12. f3 Nc6 13. h4 Qa5 14. Nb3 Qc7 15. Nd4 Rfc8 16. h5 Nce5 17. g6 Nb6 18. Bg5 Nbc4 19. Bxc4 Nxc4 20. Qg2 b4 21. Nb1 Bxg5+ 22. Qxg5 e5 23. gxh7+ Kxh7 24. Rdg1 Rg8 25. h6 g6 26. Nf5 Rac8 27. Rg2 Qd7 28. Qf6 Qxf5 29. exf5 Bxf3 30. Qxf7+ Kh8 31. Qf6+ Kh7 32. fxg6+ Rxg6 33. Qxg6+ Kh8 34. Qg7# 1-0


[Site "https://www.chess.com"]

[Event "Titled Tuesday Blitz May 24 Late 2022"]
[White "Medeiros Jr, Francisco De Assis"]
[Black "Lutz, Igor Oscar"]
[WhiteFideId "2114267"]
[BlackFideId "2110806"]
[WhiteElo "2003"]
[BlackElo "1738"]
[Result "1-0"]
[Round "08"]
[TimeControl "180+1"]
[Date "2022.05.25"]
[WhiteClock "0:00:21"]
[BlackClock "0:00:02"]

1. d4 d5 2. c4 c6 3. Nf3 e6 4. e3 Nf6 5. Nc3 Be7 6. Bd3 O-O 7. e4 dxe4 8. Nxe4 Nxe4 9. Bxe4 Nd7 10. O-O h6 11. Bc2 e5 12. dxe5 Qc7 13. Qd3 f5 14. exf6 Nxf6 15. Bxh6 gxh6 16. Qg6+ Kh8 17. Qxh6+ Kg8 18. Qg6+ Kh8 19. Ng5 Bd6 20. f4 Qg7 21. Qd3 Bc5+ 22. Kh1 Bg4 23. h3 Bh5 24. Ne6 Qf7 25. Nxc5 Rad8 26. Qc3 Rd6 27. Ne4 Re6 28. f5 Rxe4 29. Bxe4 Kh7 30. Bf3 Bxf3 31. Qxf3 Rh8 32. Rae1 Kg7 33. Re6 Nh5 34. Rg6+ Kf8 35. Qa3+ Ke8 36. Re6+ Kd8 37. Qa5+ Kc8 38. Qe5 Qc7 39. Qxh8+ 1-0


[Site "https://www.chess.com"]

[Event "Titled Tuesday Blitz May 24 Late 2022"]
[White "Meunier-Pion, Jean"]
[Black "Kujawski, Adam"]
[WhiteFideId "20685327"]
[BlackFideId "1100920"]
[WhiteElo "2124"]
[BlackElo "1982"]
[Result "1-0"]
[Round "08"]
[TimeControl "180+1"]
[Date "2022.05.25"]
[WhiteClock "0:01:11"]
[BlackClock "0:00:20"]

1. e4 e5 2. Nf3 Nc6 3. Bb5 a6 4. Ba4 Nf6 5. d3 d6 6. c3 g6 7. O-O Bg7 8. h3 O-O 9. Re1 Bd7 10. Nbd2 Qe7 11. Nf1 Nd8 12. Bc2 Ne6 13. d4 Nh5 14. Ne3 c6 15. d5 Nef4 16. dxc6 Bxc6 17. b3 Rad8 18. Ba3 f5 19. exf5 gxf5 20. Nxf5 Rxf5 21. Bxf5 Nxg2 22. Kxg2 Nf4+ 23. Kh2 Qf7 24. Bxh7+ Kxh7 25. Ng5+ Kg6 26. Nxf7 Kxf7 27. Re3 Rh8 28. Qxd6 Bf6 29. Qc7+ Ke6 30. Rae1 Rh5 31. Qc8+ Kf7 32. Qf8+ Ke6 33. Qg8+ Kf5 34. Qg4# 1-0


[Site "https://www.chess.com"]

[Event "Titled Tuesday Blitz May 24 Late 2022"]
[White "Mickiewicz, Piotr"]
[Black "Zhurbinsky, David"]
[WhiteFideId "1114891"]
[BlackFideId "2072904"]
[WhiteElo "2418"]
[BlackElo "2562"]
[Result "0-1"]
[Round "08"]
[TimeControl "180+1"]
[Date "2022.05.25"]
[WhiteClock "0:00:03"]
[BlackClock "0:00:16"]

1. e4 e5 2. Nf3 Nc6 3. Bb5 a6 4. Ba4 Nf6 5. O-O Be7 6. Qe2 b5 7. Bb3 O-O 8. c3 d6 9. h3 Na5 10. Bc2 c5 11. d4 Qc7 12. d5 h6 13. b3 Nh7 14. Nbd2 c4 15. b4 Nb7 16. a4 Bd7 17. axb5 axb5 18. Bb2 Ng5 19. Nh2 Rxa1 20. Rxa1 f5 21. exf5 Bxf5 22. Bxf5 Rxf5 23. h4 Nh7 24. Ne4 Bxh4 25. Qg4 Rf4 26. Ra8+ Nf8 27. Qe2 Qf7 28. g3 Qg6 29. Nd2 Bxg3 30. fxg3 Qxg3+ 31. Qg2 Qe3+ 32. Kh1 Rf2 33. Ng4 Qe1+ 34. Qg1 Qxg1+ 35. Kxg1 Rxd2 36. Rb8 Rxb2 37. Rxb7 Rb3 38. Rxb5 Rxc3 39. Rb6 Rg3+ 40. Kf2 Rxg4 41. Rxd6 c3 42. Rc6 Rxb4 43. Rxc3 Rd4 44. Rc5 Nd7 45. Rb5 Kf7 46. Ke3 Ke7 47. Ra5 Nb6 48. Ra6 Nxd5+ 49. Kf3 e4+ 50. Kg3 Rd3+ 51. Kg4 Rf3 52. Ra7+ Kf6 53. Ra8 Ne3+ 54. Kh5 Rh3# 0-1


[Site "https://www.chess.com"]

[Event "Titled Tuesday Blitz May 24 Late 2022"]
[White "Mikhalsky, Vladimir"]
[Black "Golubev, Mikhail"]
[WhiteFideId "14144352"]
[BlackFideId "14100983"]
[WhiteElo "2434"]
[BlackElo "2597"]
[Result "1/2-1/2"]
[Round "08"]
[TimeControl "180+1"]
[Date "2022.05.25"]
[WhiteClock "0:00:17"]
[BlackClock "0:00:04"]

1. d4 Nf6 2. c4 g6 3. f3 Bg7 4. e4 d6 5. Nc3 O-O 6. Be3 a6 7. Rb1 Nc6 8. Nge2 Bd7 9. Qd2 Qb8 10. b4 b5 11. cxb5 axb5 12. d5 Ne5 13. Nd4 c6 14. dxc6 Nxc6 15. Ndxb5 Rc8 16. Be2 Ne5 17. a4 Nc4 18. Bxc4 Rxc4 19. O-O Bxb5 20. axb5 Ra3 21. Ne2 Qxb5 22. Rfc1 Rxc1+ 23. Rxc1 h5 24. Nd4 Qb7 25. Nc6 Kh7 26. h3 Qa6 27. Nxe7 Ra2 28. Rc2 Ra1+ 29. Kh2 Qf1 30. Rc1 Rxc1 31. Qxc1 Qe2 32. Qd2 Qf1 33. Nc8 h4 34. Nxd6 Nh5 35. f4 Ng3 36. Bg1 Qa6 37. b5 Nf1+ 38. Kh1 Ng3+ 39. Kh2 Nf1+ 40. Kh1 Ng3+ 41. Kh2 1/2-1/2


[Site "https://www.chess.com"]

[Event "Titled Tuesday Blitz May 24 Late 2022"]
[White "Miszler, Levente"]
[Black "Stanisz, Patryk"]
[WhiteFideId "763276"]
[BlackFideId "1123106"]
[WhiteElo "1966"]
[BlackElo "1833"]
[Result "1-0"]
[Round "08"]
[TimeControl "180+1"]
[Date "2022.05.25"]
[WhiteClock "0:00:40"]
[BlackClock "0:00:01"]

1. Nf3 Nf6 2. c4 c6 3. g3 d5 4. Bg2 dxc4 5. O-O Bf5 6. a4 Nbd7 7. Na3 e5 8. Nxc4 e4 9. Nd4 Bg6 10. Ne3 Bc5 11. Ndf5 O-O 12. Qc2 Re8 13. Rb1 a5 14. b3 Re5 15. Nh4 Re8 16. Nxg6 hxg6 17. d3 exd3 18. Qxd3 Ne5 19. Qc2 Bb6 20. Rd1 Qe7 21. Nc4 Nxc4 22. Qxc4 Qxe2 23. Be3 Qxc4 24. bxc4 Bxe3 25. fxe3 Rab8 26. Rd3 Ng4 27. Rdb3 Rxe3 28. Bxc6 Rd8 29. Bxb7 Rxb3 30. Rxb3 Rd1+ 31. Kg2 Rc1 32. Bd5 Ne5 33. Rb8+ Kh7 34. Rc8 Rc2+ 35. Kg1 g5 36. Be4+ g6 37. Bxc2 Kg7 38. c5 g4 39. c6 Nf3+ 40. Kf2 Nd4 41. c7 Nxc2 42. Rd8 Nb4 43. c8=Q Nd3+ 44. Rxd3 1-0


[Site "https://www.chess.com"]

[Event "Titled Tuesday Blitz May 24 Late 2022"]
[White "Nakamura, Hikaru"]
[Black "Martinez Alcantara, Jose Eduardo"]
[WhiteFideId "2016192"]
[BlackFideId "3805662"]
[WhiteElo "2850"]
[BlackElo "2690"]
[Result "1-0"]
[Round "08"]
[TimeControl "180+1"]
[Date "2022.05.24"]
[WhiteClock "0:01:29"]
[BlackClock "0:00:03"]

1. Nf3 Nf6 2. b3 g6 3. d4 Bg7 4. Bb2 d5 5. e3 O-O 6. c4 c6 7. Bd3 Bg4 8. Nbd2 Nbd7 9. h3 Bxf3 10. Nxf3 e6 11. Qc2 Re8 12. O-O Bf8 13. Rfe1 Qa5 14. a3 Qc7 15. Rac1 a5 16. Nd2 Rac8 17. Bf1 Qb8 18. g3 Red8 19. Bg2 Qa7 20. c5 b6 21. b4 axb4 22. axb4 bxc5 23. dxc5 Rb8 24. Bc3 Qc7 25. Nb3 e5 26. Ra1 Ra8 27. Rec1 h5 28. b5 Rxa1 29. Rxa1 Qc8 30. b6 Re8 31. Bb2 h4 32. g4 Nh7 33. Ra7 Nb8 34. Na5 Ng5 35. Rc7 Qe6 36. b7 e4 37. Qc3 f6 38. Qxf6 Qxf6 39. Bxf6 Ne6 40. Rc8 Kf7 41. Be5 Nd7 42. Rxe8 Kxe8 43. Nxc6 Bxc5 44. b8=Q+ 1-0


[Site "https://www.chess.com"]

[Event "Titled Tuesday Blitz May 24 Late 2022"]
[White "Novikova, Galina"]
[Black "Roque Sola, Gisela"]
[WhiteFideId "4157095"]
[BlackFideId "5120241"]
[WhiteElo "1863"]
[BlackElo "1863"]
[Result "1-0"]
[Round "08"]
[TimeControl "180+1"]
[Date "2022.05.25"]
[WhiteClock "0:02:29"]
[BlackClock "0:01:30"]

1. e4 e6 2. Nf3 d5 3. e5 c5 4. b4 b6 5. bxc5 bxc5 6. c3 Ne7 7. d4 Nf5 8. Bd3 cxd4 9. cxd4 Bd7 10. O-O g6 11. Bg5 Be7 12. Bxe7 Qxe7 13. Nbd2 Nc6 14. Nb3 O-O 15. Rc1 Rfc8 16. Bxf5 gxf5 17. Nc5 Rab8 18. Qd2 Kh8 19. Qh6 Rg8 20. Nxd7 Qxd7 21. Ng5 Rg7 22. Qf6 Nxd4 23. Rcd1 Ne2+ 24. Kh1 Qd8 25. Nxf7+ 1-0


[Site "https://www.chess.com"]

[Event "Titled Tuesday Blitz May 24 Late 2022"]
[White "O`Gorman, Tom"]
[Black "Przybylski, Wojciech"]
[WhiteFideId "2508249"]
[BlackFideId "1117599"]
[WhiteElo "2617"]
[BlackElo "2491"]
[Result "1/2-1/2"]
[Round "08"]
[TimeControl "180+1"]
[Date "2022.05.25"]
[WhiteClock "0:00:28"]
[BlackClock "0:00:10"]

1. c4 Nf6 2. Nc3 e5 3. Nf3 Nc6 4. e4 Be7 5. Be2 O-O 6. O-O Re8 7. d3 d6 8. Ne1 Nd4 9. f4 exf4 10. Bxf4 c6 11. Nf3 Nxe2+ 12. Qxe2 Bg4 13. h3 Bh5 14. Rae1 Qc7 15. g4 Bg6 16. Qh2 Bf8 17. Kh1 Rad8 18. Rg1 Qa5 19. h4 h5 20. gxh5 Nxh5 21. Bd2 Qb6 22. Be3 Qa5 23. Ng5 d5 24. cxd5 cxd5 25. Nxd5 Rxd5 26. exd5 Qxd5+ 27. Qg2 Qxd3 28. Bf2 Qd7 29. Rxe8 Qxe8 30. Qxb7 Qe2 31. Qxa7 f6 32. Qe3 Qa6 33. Qe6+ Qxe6 34. Nxe6 Be4+ 35. Rg2 Bd6 36. Kg1 Nf4 37. Nxf4 Bxf4 38. Rg4 g5 39. hxg5 fxg5 40. Bg3 Bf3 41. Rxf4 gxf4 42. Bxf4 Bd5 43. a4 Bb3 44. a5 Kf7 45. Kf2 Ke6 46. a6 Bc4 47. a7 Bd5 48. Ke3 Kd7 49. Kd4 Bf3 50. Kc5 Kc8 51. Kb6 Be4 52. Be5 Bf3 53. b4 Be4 54. b5 Bf3 55. Ka6 Bg2 56. Kb6 Bf3 57. Ka5 Kb7 58. b6 Ka8 59. Bc7 Bb7 60. Kb5 Bh1 61. Kc5 Bb7 62. Kd6 Bh1 63. Kd7 Bb7 64. Kd8 Bh1 65. Kd7 Bb7 66. Kd8 Bh1 67. Kd7 1/2-1/2


[Site "https://www.chess.com"]